Map: Glittering Ashes LE

Players

Warthog - Winner!

  • Race: Terran Terran
  • League: Master
  • Spawn Location: 7:00

IIIIIIIIIIII

  • Race: Terran Terran
  • League: Master
  • Spawn Location: 1:00

VOD

Have the link to the VOD?

Description

Time

  • Played on: Jan. 4, 2022, 7:45 p.m.
  • Length: 13:57
Show
View Real Time Build Order
Export as new Build Order

Warthog Terran - Winner!

Build Orders:  

Get SALT Encoding   

  12  0:00  SCV  
  13  0:12  SCV  
  14  0:17  Supply Depot  
  14  0:25  SCV  
  15  0:38  SCV  
  15  0:40  Barracks  
  16  0:44  Refinery  
  16  0:50  SCV  
  17  0:58  Refinery  
  17  1:03  SCV  
  18  1:15  SCV  
  19  1:27  Reaper  
  19  1:29  Orbital Command  
  20  1:45  Factory  
  20  1:51  Supply Depot  
  20  1:56  SCV  
  20  1:59  Reaper  
  22  2:08  SCV  
  23  2:20  SCV  
  24  2:23  Command Center  
  24  2:32  Hellion, SCV  
  28  2:45  SCV  
  28  2:48  Reaper  
  29  2:53  Hellion  
  31  2:59  Starport  
  31  3:00  Supply Depot  
  31  3:15  Factory Tech Lab  
  31  3:20  Barracks Reactor  
  31  3:21  SCV  
  31  3:34  SCV  
  31  3:40  Cyclone  
  31  3:46  SCV, Orbital Command  
  30  3:52  Medivac  
  32  3:57  Marine x2  
  32  3:58  SCV  
  33  4:11  SCV  
  34  4:21  SCV  
  34  4:23  SCV  
  36  4:30  Siege Tank, Marine x2  
  41  4:32  Refinery, Starport Tech Lab  
  41  4:36  SCV  
  41  4:37  SCV  
  43  4:43  Supply Depot  
  43  4:48  Command Center, SCV  
  43  4:49  SCV  
  43  4:50  Marine  
  46  5:00  SCV  
  46  5:01  SCV  
  48  5:09  Raven, Marine x2  
  48  5:13  SCV x2  
  51  5:24  Cyclone  
  51  5:25  SCV x2  
  51  5:27  Marine x2  
  58  5:30  Supply Depot  
  58  5:35  Barracks x2  
  58  5:37  Supply Depot, SCV  
  58  5:40  SCV  
  58  5:49  SCV  
  58  5:52  SCV  
  59  6:01  SCV  
  60  6:05  SCV  
  61  6:13  SCV  
  61  6:17  Refinery  
  61  6:18  Orbital Command  
  61  6:22  SCV  
  61  6:25  SCV  
  58  6:29  Engineering Bay x2  
  58  6:35  Marine x2  
  58  6:36  Siege Tank  
  58  6:39  SCV  
  64  6:41  SCV, Barracks  
  64  6:42  Barracks  
  64  6:43  Starport Reactor  
  65  6:47  Orbital Command  
  65  6:50  Marine  
  65  6:51  Stimpack  
  66  6:54  SCV  
  66  6:56  Terran Infantry Armor Level 1, Terran Infantry Weapons Level 1  
  66  7:00  SCV  
  68  7:03  Marine x2  
  68  7:06  SCV  
  71  7:13  SCV  
  72  7:16  Siege Tank  
  72  7:18  SCV  
  72  7:19  SCV  
  72  7:21  Marine x2  
  79  7:25  SCV  
  79  7:30  SCV  
  79  7:31  SCV  
  79  7:32  Barracks Reactor x2  
  79  7:33  Barracks Reactor, Marine  
  79  7:34  Viking x2  
  86  7:39  Marine  
  87  7:48  Siege Tank  
  90  7:52  Marine  
  90  7:54  SCV  
  90  7:57  SCV, Marine x2  
  89  8:03  Orbital Command  
  83  8:16  SCV x2  
  79  8:20  Siege Tank  
  79  8:23  Marine x5  
  79  8:24  Marine  
  79  8:25  Medivac x2  
  79  8:26  Refinery  
  92  8:27  Refinery  
  92  8:28  SCV  
  92  8:30  Combat Shield  
  93  8:46  Supply Depot x2, Armory  
  93  8:47  SCV x3, Marine x3  
  99  8:59  SCV x2  
  101  9:07  SCV, Siege Tank, Marine x5  
  101  9:09  Marine x2  
  112  9:11  SCV x2  
  112  9:12  Supply Depot  
  112  9:15  Supply Depot  
  114  9:17  Marine x2  
  114  9:19  SCV  
  117  9:28  Marine  
  117  9:29  SCV  
  117  9:34  SCV x2  
  119  9:39  Siege Tank  
  119  9:41  SCV, Terran Infantry Weapons Level 2  
  119  9:43  Supply Depot x2  
  121  9:46  SCV x2  
  121  9:49  Command Center  
  121  9:51  Terran Infantry Armor Level 2  
  121  9:52  Terran Vehicle Weapons Level 1  
  123  9:53  SCV, Marine x6  
  123  9:58  SCV x2  
  131  10:09  Marine  
  131  10:10  Viking, Marine  
  131  10:11  Siege Tank  
  138  10:14  Marine x3  
  131  10:21  Marine x3  
  131  10:22  Medivac  
  131  10:23  Marine  
  131  10:27  Marine x2  
  139  10:32  Marine x3  
  142  10:36  Supply Depot  
  142  10:39  Marine x3  
  142  10:40  Viking  
  142  10:41  Marine  
  148  10:54  Factory, Marine  
  148  10:57  Command Center, Siege Tank, Marine x5  
  149  10:58  Supply Depot  
  149  10:59  Supply Depot  
  149  11:00  Marine x2  
  149  11:03  Refinery x2  
  154  11:06  Viking, Marine  
  134  11:12  Marine  
  129  11:19  Medivac, Marine  
  129  11:20  Marine x3  
  132  11:26  Barracks  
  132  11:29  Siege Tank  
  132  11:31  Barracks, Planetary Fortress  
  135  11:36  Medivac  
  135  11:37  Barracks, Factory Tech Lab  
  135  11:39  Marine x2  
  138  11:42  Marine x4  
  138  11:43  Marine  
  138  11:46  Marine x2  
  146  11:48  SCV x2  
  148  11:57  Viking, Siege Tank, Marine  
  148  11:58  Marine  
  148  12:00  Marine  
  148  12:01  Siege Tank, Marine x3  
  158  12:03  Marine  
  158  12:04  Marine x2  
  164  12:16  Marine x2  
  164  12:17  Viking  
  164  12:22  Marine  
  167  12:23  Orbital Command  
  167  12:25  Marine x2  
  167  12:27  Viking  
  160  12:32  Siege Tank  
  160  12:33  Siege Tank  
  160  12:36  Marine  
  160  12:37  Marine  
  166  12:38  Marine  
  168  12:46  Marine  
  168  12:47  Viking  
  171  12:52  Marine x2  
  171  12:55  Marine x2  
  171  12:56  Marine  
  171  12:57  Medivac  
  178  13:04  Siege Tank  
  178  13:06  Siege Tank, Marine  
  181  13:15  SCV x2  
Show
View Real Time Build Order
Export as new Build Order

IIIIIIIIIIII Terran 

Build Orders:  

Get SALT Encoding   

  12  0:00  SCV  
  13  0:12  SCV  
  14  0:17  Supply Depot  
  14  0:24  SCV  
  15  0:38  SCV  
  15  0:40  Barracks  
  16  0:44  Refinery  
  16  0:50  SCV  
  16  0:53  Refinery  
  17  1:02  SCV  
  18  1:15  SCV  
  19  1:28  Barracks Reactor, Supply Depot  
  19  1:30  Orbital Command  
  19  1:49  Factory  
  19  1:56  SCV  
  20  2:05  Reaper  
  20  2:06  Reaper  
  22  2:09  SCV  
  23  2:21  SCV  
  24  2:34  Hellion  
  24  2:37  Reaper  
  27  2:38  Reaper  
  27  2:44  Command Center  
  28  2:45  SCV  
  29  2:56  Hellion  
  31  3:01  Supply Depot  
  31  3:08  Starport  
  31  3:22  SCV, Reaper x2  
  31  3:23  Hellion  
  33  3:45  SCV  
  31  3:50  Factory Tech Lab, Starport Tech Lab  
  31  4:01  Refinery  
  31  4:02  SCV, Marine x2  
  32  4:04  SCV  
  36  4:18  Raven  
  36  4:20  Marine x2  
  36  4:22  SCV  
  36  4:23  Orbital Command  
  38  4:34  SCV  
  38  4:36  Cyclone  
  42  4:40  Marine x2  
  44  4:46  SCV  
  44  4:51  SCV  
  46  4:58  SCV  
  44  5:05  SCV, Marine x2  
  46  5:09  Siege Tank  
  49  5:14  Raven  
  49  5:16  SCV  
  49  5:21  SCV  
  49  5:23  Marine x2  
  49  5:24  Supply Depot  
  52  5:29  SCV  
  52  5:33  SCV  
  54  5:42  Barracks  
  54  5:44  Barracks  
  54  5:45  Marine x2  
  54  5:46  SCV, Siege Tank  
  59  5:53  SCV  
  56  6:00  SCV  
  57  6:08  SCV  
  56  6:18  Siege Tank  
  59  6:24  SCV x2, Marine  
  62  6:29  Barracks  
  62  6:30  Barracks  
  62  6:45  Supply Depot, SCV x2  
  62  6:46  Supply Depot  
  64  6:48  Barracks Reactor  
  64  6:52  Starport Reactor  
  64  6:55  Siege Tank  
  64  6:58  SCV x2  
  69  7:10  SCV x2  
  69  7:14  Barracks  
  69  7:15  Barracks, Command Center  
  71  7:16  Supply Depot x2  
  71  7:20  Barracks Reactor  
  71  7:22  SCV x2  
  73  7:25  Marine x2  
  75  7:34  SCV x2  
  77  7:37  Refinery  
  67  7:54  Marine  
  67  7:55  Marine  
  69  7:59  Marine x2  
  69  8:01  Siege Tank  
  69  8:02  Barracks Reactor x2  
  69  8:03  SCV x2  
  75  8:12  Marine  
  70  8:14  Marine x2  
  70  8:15  SCV, Medivac x2  
  70  8:17  Marine  
  72  8:21  Marine  
  72  8:22  Stimpack  
  72  8:25  Engineering Bay  
  73  8:27  Engineering Bay  
  73  8:29  SCV  
  73  8:30  Marine  
  73  8:31  Orbital Command  
  73  8:32  SCV  
  73  8:33  Siege Tank, Marine x2  
  81  8:34  Marine  
  81  8:38  Marine x2  
  81  8:39  Marine x3  
  87  8:47  Medivac x2  
  87  8:48  Marine  
  91  8:52  SCV  
  93  8:56  Terran Infantry Armor Level 1, Terran Infantry Weapons Level 1  
  93  8:58  SCV, Marine x6  
  93  8:59  Supply Depot, Marine  
  93  9:01  Supply Depot  
  102  9:02  SCV  
  102  9:04  SCV  
  101  9:10  SCV  
  101  9:11  Marine x2  
  101  9:15  SCV  
  101  9:16  SCV, Marine x2  
  108  9:21  Marine x2  
  106  9:24  Marine  
  106  9:25  Marine  
  106  9:32  Marine x3  
  106  9:43  SCV x3  
  108  9:46  Marine x4  
  112  9:53  Marine  
  112  9:54  Marine x4  
  117  10:07  Combat Shield  
  117  10:09  SCV  
  117  10:10  SCV  
  118  10:15  Marine x5  
  118  10:16  Marine x3  
  108  10:25  SCV  
  108  10:28  Marine  
  106  10:29  Medivac x2, Siege Tank  
  106  10:33  Marine  
  106  10:35  Marine x3  
  112  10:38  Marine x3  
  117  10:43  Supply Depot  
  117  10:44  Supply Depot  
  117  10:53  Marine x6  
  117  11:07  Marine x3  
  82  11:11  Marine x6  
  82  11:12  Widow Mine  
  86  11:20  SCV  
  86  11:21  SCV  
  86  11:25  Marine x2  
  90  11:32  Armory  
  90  11:36  Marine x3  
  90  11:37  Marine x3  
  90  11:38  Factory  
  98  11:40  SCV x2  
  98  11:42  Marine  
  98  11:44  SCV  
  98  11:45  Barracks Reactor  
  100  11:48  Siege Tank  
  103  11:56  Supply Depot x2, Marine x3  
  103  11:57  Marine x4  
  103  12:00  Marine  
  111  12:02  SCV x3  
  110  12:21  Marine x4  
  113  12:28  Marine x6  
  113  12:33  SCV x3  
  114  12:38  Marine  
  114  12:39  Siege Tank x2, Marine  
  119  12:45  SCV x2  
  119  12:49  Marine x6  
  119  12:50  Marine x2  
  129  12:57  SCV  
Tags
 
Add a new tag
Caveats
  • Supply blocks, unpowered buildings, or Contaminate may cause inaccurate times.
  • Supply counts are checked every 10 seconds.